 Dungeon Crawl Stone Soup version 0.21.1-1-g345015fe64 (webtiles) character file.

875 Mrkan the Cudgeler (level 8, -5/51 HPs)
             Began as a Gargoyle Fighter on July 13, 2018.
             Was an Initiate of Ashenzari.
             Slain by 3rdEnemy's ghost (9 damage)
             ... on level 5 of the Dungeon.
             The game lasted 00:07:31 (4961 turns).

Mrkan the Cudgeler (Gargoyle Fighter)               Turns: 4961, Time: 00:07:31

Health: -5/51      AC: 18    Str: 26    XL:     8   Next: 4%
Magic:  8/8        EV:  5    Int:  9    God:    Ashenzari [......]
Gold:   226        SH:  9    Dex: 10    Spells: 7/7 levels left

rFire    . . .     SeeInvis .   a - +0 flail
rCold    . . .     Gourm    .   c - +0 shield
rNeg     + . .     Faith    .   u - +0 plate armour
rPois    ∞         Spirit   .   (no helmet)
rElec    +         Reflect  .   (no cloak)
rCorr    .         Harm     .   (no gloves)
MR       .....                  (no boots)
Stlth    ..........             (no amulet)
HPRegen  0.17/turn              (no ring)
MPRegen  0.11/turn              (no ring)

@: mighty
A: negative energy resistance 1, electricity resistance, unbreathing,
petrification resistance, rot immunity, AC +5
a: Curse Item, Renounce Religion


You were on level 5 of the Dungeon.
You worshipped Ashenzari.
Ashenzari was noncommittal.
You were not hungry.

You visited 1 branch of the dungeon, and saw 5 of its levels.

You collected 226 gold pieces.

Inventory:

Hand Weapons
 a - a +0 flail (weapon)
Missiles
 p - 5 needles of sleeping
Armour
 b - a +0 scale mail
 c - a +0 shield (worn)
 i - a +0 chain mail
 u - a +0 plate armour (worn)
Jewellery
 k - an uncursed ring of protection from cold
 v - an uncursed ring of poison resistance
Scrolls
 g - 2 scrolls of immolation
 j - 11 scrolls of identify
 m - 4 scrolls of amnesia
 n - 4 scrolls of teleportation
 q - a scroll of noise {unknown}
 t - 3 scrolls of remove curse
Potions
 d - a potion of might
 e - 3 potions of lignification
 h - a potion of cancellation {unknown}
 l - a potion of heal wounds {unknown}
 r - a potion of flight {unknown}
 s - 2 potions of curing {unknown}
 w - 2 potions of mutation {unknown}
Comestibles
 f - a ration


   Skills:
 + Level 5.7 Fighting
 * Level 6.5 Maces & Flails
 + Level 5.8 Armour
 - Level 3.2 Shields


You had 7 spell levels left.
You didn't know any spells.

Dungeon Overview and Level Annotations

Branches:
Dungeon (5/15)
 Temple: D:4-7

Altars:
Ashenzari
Nemelex Xobeh
Okawaru
Wu Jian
The Shining One

Shops:
D:4 :

Annotations:
D:5 3rdEnemy's ghost, novice MiFi


Innate Abilities, Weirdness & Mutations

You are resistant to torment.
Your stone body is resilient. (AC +5)
You are immune to poison.
You resist negative energy. (rN+)
You are resistant to electric shocks. (rElec)
You can survive without breathing.
You are immune to petrification.
You are immune to rotting.


Message History

3rdEnemy's ghost is heavily damaged. 3rdEnemy's ghost hits you!
* * * LOW HITPOINT WARNING * * *
Your shield and plate armour prevent you from hitting 3rdEnemy's ghost. 3rdEnemy's ghost is heavily damaged.
You block 3rdEnemy's ghost's attack. x2
You sock 3rdEnemy's ghost! 3rdEnemy's ghost is heavily damaged. 3rdEnemy's ghost hits you.
* * * LOW HITPOINT WARNING * * *
You thump 3rdEnemy's ghost! 3rdEnemy's ghost is severely damaged. 3rdEnemy's ghost hits you but does no damage.
Your shield and plate armour prevent you from hitting 3rdEnemy's ghost. 3rdEnemy's ghost is severely damaged. 3rdEnemy's ghost hits you but does no damage.
You hit 3rdEnemy's ghost. 3rdEnemy's ghost is severely damaged. 3rdEnemy's ghost hits you!
You die...

####.###.#
.......<.. .
##.####..# .. .#
##...# .. ..#
#..... .##.###
#.# ##...#
.......## #.# #
##.## #..###.#
#.####.##
##W@##.#
#..<..... ##..#.#
####...## ##.Z.#
###.....
#...######.......
##...............
#...............
#..########...##
#..# #...# #...#
#####


You could see 3rdEnemy's ghost and a hound skeleton (wandering).

Vanquished Creatures
  A hippogriff (D:5)
  The ghost of theNoobletaur the Twirler, an amateur CeGl (D:3)
  An ogre (D:4)
  A scorpion (D:5)
  A howler monkey (D:4)
  3 hounds
  2 orc priests (D:4)
  A centaur skeleton (D:4)
  An orc wizard (D:4)
  A worker ant (D:2)
  3 hound skeletons (D:4)
  4 adders
  6 gnolls
  A worm (D:3)
  A dart slug (D:1)
  4 leopard geckos
  6 orcs
  7 giant cockroaches
  7 goblins
  7 hobgoblins
  7 jackals (D:1)
  A quokka (D:2)
  A ball python (D:3)
  7 bats
  5 frilled lizards
  A giant cockroach zombie (D:4)
  5 kobolds
  5 rats
91 creatures vanquished.

Notes
Turn   | Place    | Note
-------+----------+-------------------------------------------
     0 | D:1      | Mrkan the Gargoyle Fighter began the quest for the Orb.
     0 | D:1      | Reached XP level 1. HP: 14/14 MP: 1/1
    74 | D:1      | Reached XP level 2. HP: 19/19 MP: 2/2
   662 | D:1      | Reached XP level 3. HP: 21/23 MP: 3/3
  1006 | D:2      | Reached skill level 3 in Maces & Flails
  1166 | D:2      | Reached XP level 4. HP: 24/29 MP: 4/4
  1840 | D:3      | Reached XP level 5. HP: 33/33 MP: 5/5
  1973 | D:3      | Noticed theNoobletaur's ghost (amateur CeGl)
  1994 | D:3      | Killed theNoobletaur's ghost
  1994 | D:3      | Reached skill level 4 in Maces & Flails
  2148 | D:3      | Reached XP level 6. HP: 29/39 MP: 6/6
  2466 | D:3      | Found a sparkling altar of Nemelex Xobeh.
  2609 | D:3      | Found a glowing golden altar of the Shining One.
  2727 | D:3      | Found a shattered altar of Ashenzari.
  2734 | D:3      | Became a worshipper of Ashenzari the Shackled
  3634 | D:4      | Reached skill level 5 in Maces & Flails
  3667 | D:4      | Found Guwiaf's Book Shop.
  3767 | D:4      | Found an iron altar of Okawaru.
  3857 | D:4      | Reached skill level 5 in Armour
  3868 | D:4      | Reached skill level 5 in Fighting
  3868 | D:4      | Reached XP level 7. HP: 31/44 MP: 7/7
  4285 | D:4      | Found an ornate altar of the Wu Jian Council.
  4600 | D:5      | Entered Level 5 of the Dungeon
  4672 | D:5      | Reached skill level 6 in Maces & Flails
  4684 | D:5      | Noticed a hippogriff
  4699 | D:5      | Killed a hippogriff
  4699 | D:5      | Reached XP level 8. HP: 31/51 MP: 8/8
  4927 | D:5      | Noticed 3rdEnemy's ghost (novice MiFi)
  4961 | D:5      | Slain by 3rdEnemy's ghost

Skill      XL: |  1  2  3  4  5  6  7 |
---------------+----------------------+-----
Maces & Flails | 3 4 5 6 |  6.5
Fighting       | 4 5 |  5.7
Armour         | 4 5 |  5.8
Shields        | |  3.2

Action                   |  1- 3 |  4- 6 |  7- 9 || total
-------------------------+-------+-------+-------++-------
Melee: Flail             |   144 |   206 |   128 ||   478
  Use: Scroll            |       |     6 |       ||     6
       Potion            |       |       |     2 ||     2
  Eat: Chunk             |     1 |     4 |     2 ||     7
       Ration            |       |     2 |       ||     2
Armor: Scale mail        |     3 |       |       ||     3
       Chain mail        |   121 |    25 |       ||   146
       Plate armour      |       |   174 |   143 ||   317
Dodge: Dodged            |    57 |    33 |    23 ||   113
Block: Shield            |   102 |   115 |    67 ||   284
